[Event "Titled Tuesday Blitz February 15 Early 2022"]
[White "Al Mukhaini, Shima"]
[Black "Saim, Mohamed Ilias"]
[WhiteFideId "22005854"]
[BlackFideId "7900465"]
[WhiteElo "2402"]
[BlackElo "2006"]
[Result "1-0"]
[Round "02"]
[TimeControl "180+1"]
[Date "2022.02.15"]
[WhiteClock "0:01:16"]
[BlackClock "0:00:22"]

1. e4 c5 2. Nf3 a6 3. c3 e6 4. d4 d5 5. e5 Bd7 6. Bd3 Nc6 7. O-O h6 8. Be3 Qb6 9. Qb3 Qxb3 10. axb3 cxd4 11. Bxd4 Nxd4 12. Nxd4 Bc5 13. Nc2 Ne7 14. Kh1 f6 15. exf6 gxf6 16. b4 Bd6 17. Nd2 Kf7 18. f4 Rac8 19. g3 Kg7 20. Rae1 e5 21. fxe5 1-0


[Site "https://www.chess.com"]

[Event "Titled Tuesday Blitz February 15 Early 2022"]
[White "Alavi, Sayed Javad"]
[Black "Vokhidov, Shamsiddin"]
[WhiteFideId "12500607"]
[BlackFideId "14204223"]
[WhiteElo "2475"]
[BlackElo "2611"]
[Result "1-0"]
[Round "02"]
[TimeControl "180+1"]
[Date "2022.02.15"]
[WhiteClock "0:00:28"]
[BlackClock "0:00:21"]

1. e4 e5 2. Nf3 Nc6 3. d4 exd4 4. Nxd4 Nf6 5. Nc3 Bb4 6. Nxc6 bxc6 7. Bd3 d5 8. exd5 cxd5 9. O-O O-O 10. Bg5 c6 11. Qf3 Bd6 12. Rfe1 Rb8 13. b3 h6 14. Bh4 Rb4 15. Bg3 Bg4 16. Bxd6 Qxd6 17. Qg3 Qxg3 18. hxg3 Rd8 19. Na4 Kf8 20. f3 Bc8 21. Re2 Re8 22. Rae1 Rxe2 23. Rxe2 Rb7 24. Ba6 Rc7 25. Bxc8 Rxc8 26. Kf2 c5 27. Re5 c4 28. c3 d4 29. cxd4 c3 30. Re1 Nd5 31. Rc1 c2 32. Nc5 Nb4 33. Ke3 Re8+ 34. Kd2 Rd8 35. a3 Rxd4+ 36. Kc3 Rd1 37. Kb2 Nd5 38. Rxc2 Ne3 39. Re2 Nf5 40. g4 Nd4 41. Nd7+ Kg8 42. Re8+ Kh7 43. Nf8+ Kg8 44. Ne6+ Kh7 45. Nxd4 Rxd4 46. Kc3 Rd7 47. b4 Kg6 48. a4 f5 49. gxf5+ Kxf5 50. b5 h5 51. a5 Kf4 52. Re2 h4 53. Kc4 h3 54. gxh3 Kxf3 55. Rb2 Kg3 56. Rb3+ Kh4 57. b6 axb6 58. axb6 Rb7 59. Kc5 g5 60. Kc6 Rb8 61. b7 1-0


[Site "https://www.chess.com"]

[Event "Titled Tuesday Blitz February 15 Early 2022"]
[White "Altucher, James"]
[Black "Golizadeh, Asghar"]
[WhiteFideId "30987458"]
[BlackFideId "12505269"]
[WhiteElo "2183"]
[BlackElo "2403"]
[Result "0-1"]
[Round "02"]
[TimeControl "180+1"]
[Date "2022.02.15"]
[WhiteClock "0:00:31"]
[BlackClock "0:00:10"]

1. e4 c5 2. Nf3 e6 3. d3 Nf6 4. g3 d5 5. Nbd2 Nc6 6. Bg2 Be7 7. O-O O-O 8. Re1 b5 9. e5 Nd7 10. Nf1 Bb7 11. h4 a5 12. Bf4 a4 13. h5 b4 14. N1h2 c4 15. a3 c3 16. bxc3 bxc3 17. Ng4 Rb8 18. Qe2 Ba6 19. Rab1 Rxb1 20. Rxb1 Bxa3 21. Ng5 Bb2 22. Be4 Nd4 23. Bxh7+ Kh8 24. Qe3 Nxc2 25. Qf3 Nd4 26. Qh1 Ne2+ 27. Kf1 Nxf4 28. gxf4 c2 29. Re1 c1=Q 30. Rxc1 Bxc1 31. Bg6 Bxf4 32. h6 Bxd3+ 33. Bxd3 g6 34. Nf3 a3 35. Kg2 a2 36. h7 Qc7 37. Qa1 Ra8 38. Nh4 Bxe5 39. Bxg6 Bxa1 40. Bxf7 Kxh7 41. Bg6+ Kg7 42. Nf3 Bf6 43. Bd3 a1=Q 0-1


[Site "https://www.chess.com"]

[Event "Titled Tuesday Blitz February 15 Early 2022"]
[White "Ambartsumova, Karina"]
[Black "Navara, David"]
[WhiteFideId "4166299"]
[BlackFideId "309095"]
[WhiteElo "2262"]
[BlackElo "2686"]
[Result "0-1"]
[Round "02"]
[TimeControl "180+1"]
[Date "2022.02.15"]
[WhiteClock "0:00:01"]
[BlackClock "0:00:18"]

1. d4 Nf6 2. Nf3 e6 3. c4 b6 4. g3 Ba6 5. Qc2 c5 6. Bg2 Nc6 7. dxc5 bxc5 8. O-O Be7 9. b3 O-O 10. Bb2 d5 11. cxd5 exd5 12. Nc3 d4 13. Na4 d3 14. exd3 Bxd3 15. Qc3 Bxf1 16. Rxf1 Rc8 17. Nxc5 Qd5 18. Na4 Nb4 19. Qe3 Qd7 20. Ne5 Qe6 21. Qxa7 Rc2 22. Nc4 Nxa2 23. Nab6 Nc3 24. Bxc3 Rxc3 25. Qa1 Rxb3 26. Re1 Qf5 27. Qa2 Bc5 28. g4 Nxg4 0-1


[Site "https://www.chess.com"]

[Event "Titled Tuesday Blitz February 15 Early 2022"]
[White "Annaberdiyev, Babageldi"]
[Black "Fernandez, Michael"]
[WhiteFideId "14000385"]
[BlackFideId "5803560"]
[WhiteElo "2332"]
[BlackElo "2110"]
[Result "1-0"]
[Round "02"]
[TimeControl "180+1"]
[Date "2022.02.15"]
[WhiteClock "0:01:36"]
[BlackClock "0:00:21"]

1. e4 c6 2. d4 d5 3. Nd2 dxe4 4. Nxe4 Bf5 5. Ng3 Bg6 6. h4 h6 7. Nf3 Nd7 8. h5 Bh7 9. Bc4 e6 10. Qe2 Bd6 11. c3 Ngf6 12. Ne5 O-O 13. O-O Qe7 14. f4 Nd5 15. Ne4 Bxe4 16. Qxe4 N7f6 17. Qf3 c5 18. b3 cxd4 19. cxd4 a6 20. a4 Rfd8 21. Bb2 Bb4 22. g4 Nd7 23. Rad1 f6 24. Ng6 Qf7 25. f5 N7b6 26. fxe6 Qxe6 27. Nf4 Qf7 28. Nxd5 Nxd5 29. Rf2 Kh8 30. Kg2 b5 31. Bd3 Re8 32. Bc1 Qe6 33. axb5 axb5 34. Bxb5 Re7 35. Bc4 Rd8 36. Re2 Qb6 37. Bxd5 Rxe2+ 38. Qxe2 Rxd5 39. Qe8+ Kh7 40. Qe4+ 1-0


[Site "https://www.chess.com"]

[Event "Titled Tuesday Blitz February 15 Early 2022"]
[White "Ardila, Oscar Humberto"]
[Black "Mohammed, Dilshad"]
[WhiteFideId "4404742"]
[BlackFideId "5050421"]
[WhiteElo "1898"]
[BlackElo "2153"]
[Result "0-1"]
[Round "02"]
[TimeControl "180+1"]
[Date "2022.02.15"]
[WhiteClock "0:00:14"]
[BlackClock "0:00:23"]

1. d4 d5 2. c4 e6 3. cxd5 exd5 4. Nc3 Nf6 5. Nf3 Be7 6. Bf4 c6 7. e3 O-O 8. h3 b5 9. Be2 b4 10. Nb1 Ne4 11. Nbd2 Bd6 12. Bxd6 Nxd6 13. O-O a5 14. Rc1 a4 15. a3 b3 16. Ne5 Qe8 17. Rc3 f6 18. Nd3 Nb5 19. Rc1 Bf5 20. Nb4 Nd6 21. Rc5 Nb7 22. Rc3 Nd6 23. Qc1 Bd7 24. Bd3 f5 25. Qb1 h6 26. Rfc1 f4 27. Bh7+ Kh8 28. Bg6 Qe7 29. Nf3 fxe3 30. Rxe3 Qf6 31. Bd3 Bf5 32. Nxc6 Bxd3 33. Qxd3 Nc4 34. Nb4 Nxe3 35. Qxe3 Nd7 36. Nxd5 Qd6 37. Nc3 Rae8 38. Qd3 Nf6 39. Ne5 Rxe5 40. Qg3 Re6 41. Qg6 Nd5 42. Qd3 Nf4 43. Qf3 Qxd4 44. Kh2 Qd6 45. g3 Ng6 46. Qe3 Rxe3 47. fxe3 Rf3 48. Rd1 Qxg3+ 0-1


[Site "https://www.chess.com"]

[Event "Titled Tuesday Blitz February 15 Early 2022"]
[White "Arias, Juan Cruz"]
[Black "Kostiukov, Alexandr"]
[WhiteFideId "118540"]
[BlackFideId "14108100"]
[WhiteElo "2083"]
[BlackElo "2202"]
[Result "1-0"]
[Round "02"]
[TimeControl "180+1"]
[Date "2022.02.15"]
[WhiteClock "0:00:56"]
[BlackClock "0:00:01"]

1. d4 g6 2. Nf3 Bg7 3. c3 d6 4. g3 e5 5. Bg2 Qe7 6. O-O Nf6 7. Nbd2 e4 8. Ne1 Bf5 9. Nc2 h5 10. f3 Nbd7 11. Ne3 exf3 12. Nxf5 fxe2 13. Nxe7 exd1=Q 14. Rxd1 Kxe7 15. Re1+ Kd8 16. Bxb7 Rb8 17. Bf3 Re8 18. Rxe8+ Kxe8 19. Nb3 Kf8 20. Bg5 Nh7 21. Bd2 Nb6 22. Be2 Na4 23. Rb1 Nf6 24. Bd3 Ke7 25. Bc1 Nd5 26. Kf2 f5 27. Ke1 Kd7 28. Kd2 Bh6+ 29. Kc2 Bxc1 30. Rxc1 Ne3+ 31. Kd2 Ng4 32. Kc2 Nxh2 33. Nd2 Nb6 34. Re1 Rc8 35. c4 c5 36. dxc5 1-0


[Site "https://www.chess.com"]

[Event "Titled Tuesday Blitz February 15 Early 2022"]
[White "Avila Pavas, Santiago"]
[Black "Toncheva, Nadya"]
[WhiteFideId "4437128"]
[BlackFideId "2924056"]
[WhiteElo "2242"]
[BlackElo "1920"]
[Result "1-0"]
[Round "02"]
[TimeControl "180+1"]
[Date "2022.02.15"]
[WhiteClock "0:00:46"]
[BlackClock "0:00:05"]

1. c4 c5 2. Nc3 Nc6 3. g3 g6 4. Bg2 Bg7 5. e3 e6 6. Nge2 Nge7 7. O-O O-O 8. d4 cxd4 9. exd4 d5 10. c5 Nf5 11. Be3 b6 12. cxb6 Qxb6 13. Na4 Qa5 14. Rc1 Nce7 15. Nc5 Qxa2 16. Qd2 Nxe3 17. fxe3 Rb8 18. Rc2 Rb5 19. b4 Qa3 20. Rb1 Bh6 21. Rc3 Rxb4 22. Rxa3 Rxb1+ 23. Kf2 Nf5 24. g4 Nh4 25. Rxa7 Nxg2 26. Kxg2 e5 27. Nc3 Rb8 28. Nxd5 exd4 29. Qxd4 Bg7 30. Nf6+ Kh8 31. g5 Bf5 32. e4 Rfd8 33. Qe5 Rd2+ 34. Kf3 Rbd8 35. exf5 1-0


[Site "https://www.chess.com"]

[Event "Titled Tuesday Blitz February 15 Early 2022"]
[White "Babazada, Khazar"]
[Black "Khumalo, Keith"]
[WhiteFideId "13413554"]
[BlackFideId "14319470"]
[WhiteElo "2418"]
[BlackElo "1992"]
[Result "0-1"]
[Round "02"]
[TimeControl "180+1"]
[Date "2022.02.15"]
[WhiteClock "0:00:03"]
[BlackClock "0:01:26"]

1. e4 c5 2. Nf3 d6 3. d4 cxd4 4. Nxd4 Nf6 5. Nc3 a6 6. h3 e6 7. g4 b5 8. Bg2 Bb7 9. a3 Nfd7 10. Be3 Be7 11. g5 Nc6 12. h4 Nde5 13. Nxc6 Bxc6 14. Bd4 O-O 15. Qe2 Qc7 16. O-O-O Rfb8 17. f4 Nc4 18. Rh3 a5 19. h5 e5 20. Bf2 exf4 21. g6 Bg5 22. gxh7+ Kh8 23. Bf3 Bh6 24. Bd4 f6 25. Rg1 Ne5 26. Rg6 b4 27. Nb1 Bb5 28. Qd2 Rc8 29. Rxh6 gxh6 30. Bd1 f3 31. Rxf3 Rf8 32. Rg3 Qxh7 33. Qf4 Rac8 34. Kd2 Rc7 35. c3 Rg7 36. axb4 axb4 37. cxb4 Rg5 38. Nc3 Bc6 39. b5 Bb7 40. Bc2 Rc8 41. Rxg5 fxg5 42. Qf6+ Kg8 43. Qxd6 Nc4+ 44. Ke2 Nxd6 45. Bb3+ Nf7 46. Ke3 Re8 47. Nd5 Qxe4+ 0-1


[Site "https://www.chess.com"]

[Event "Titled Tuesday Blitz February 15 Early 2022"]
[White "Balaji, Aaravamudhan"]
[Black "Demidov, Mikhail"]
[WhiteFideId "436224"]
[BlackFideId "4197143"]
[WhiteElo "2085"]
[BlackElo "2525"]
[Result "0-1"]
[Round "02"]
[TimeControl "180+1"]
[Date "2022.02.15"]
[WhiteClock "0:01:34"]
[BlackClock "0:01:44"]

1. Nf3 g6 2. g3 Bg7 3. Bg2 e5 4. O-O Ne7 5. d3 O-O 6. c4 c6 7. Nc3 d5 8. cxd5 cxd5 9. e4 d4 10. Ne2 Nbc6 11. Ne1 f5 12. Nc2 fxe4 13. Bxe4 Bh3 14. Bg2 Bxg2 15. Kxg2 Rf5 16. g4 Rf7 17. Ng3 Nd5 18. Ne4 Nf4+ 19. Bxf4 Rxf4 20. b4 Ne7 21. Na3 Nd5 22. Nc4 Qh4 23. f3 b5 24. Qb3 bxc4 25. Qxc4 Rd8 0-1


[Site "https://www.chess.com"]

[Event "Titled Tuesday Blitz February 15 Early 2022"]
[White "Balint, Vilmos"]
[Black "Issani, Nameer"]
[WhiteFideId "718050"]
[BlackFideId "2619130"]
[WhiteElo "2059"]
[BlackElo "2516"]
[Result "1-0"]
[Round "02"]
[TimeControl "180+1"]
[Date "2022.02.15"]
[WhiteClock "0:01:50"]
[BlackClock "0:02:09"]

1. d4 Nf6 2. Nc3 d5 3. Bf4 c6 4. Qd2 g6 5. e3 Bg7 6. Be2 O-O 7. h4 h6 8. Nf3 Bg4 9. Ne5 Bxe2 10. Qxe2 Nbd7 11. O-O-O Nxe5 12. Bxe5 Nd7 13. Bxg7 Kxg7 14. g4 b5 15. f4 a5 16. f5 a4 17. g5 h5 18. e4 b4 19. Nb1 dxe4 20. Qxe4 Ra5 21. fxg6 fxg6 22. Rde1 Rf7 23. Qxc6 Nb6 24. Re6 Qd5 25. Rxg6+ Kf8 26. Rg1 Qxd4 27. Qxb6 Qf4+ 28. Nd2 1-0


[Site "https://www.chess.com"]

[Event "Titled Tuesday Blitz February 15 Early 2022"]
[White "Barp, Alberto"]
[Black "Dobrov, Vladimir"]
[WhiteFideId "872555"]
[BlackFideId "4136594"]
[WhiteElo "2229"]
[BlackElo "2614"]
[Result "0-1"]
[Round "02"]
[TimeControl "180+1"]
[Date "2022.02.15"]
[WhiteClock "0:00:25"]
[BlackClock "0:00:47"]

1. d4 Nf6 2. c4 e6 3. g3 d5 4. Bg2 Bb4+ 5. Bd2 Be7 6. Nf3 O-O 7. O-O Nbd7 8. Qc2 c6 9. Rd1 b6 10. b3 Ba6 11. Bc1 Ne4 12. Bb2 Rc8 13. a4 f5 14. a5 bxa5 15. Nc3 Bb4 16. Na4 Qe7 17. e3 g5 18. Ne1 Nb6 19. Nd3 dxc4 20. Nxb4 cxb3 21. Qxb3 Bc4 22. Qc2 Qxb4 23. Nxb6 Bb3 24. Qb1 Bxd1 25. Nxc8 Qe1+ 0-1


[Site "https://www.chess.com"]

[Event "Titled Tuesday Blitz February 15 Early 2022"]
[White "Batsiashvili, Nino"]
[Black "Lopez Del Alamo, Antonio"]
[WhiteFideId "13602993"]
[BlackFideId "2227339"]
[WhiteElo "2230"]
[BlackElo "2082"]
[Result "1/2-1/2"]
[Round "02"]
[TimeControl "180+1"]
[Date "2022.02.15"]
[WhiteClock "0:00:12"]
[BlackClock "0:00:04"]

1. d4 Nf6 2. Nf3 g6 3. c4 Bg7 4. Nc3 O-O 5. e4 d6 6. Be2 e5 7. O-O Nc6 8. d5 Ne7 9. Ne1 Nd7 10. Nd3 f5 11. Bd2 Nf6 12. f3 f4 13. Rc1 g5 14. c5 Ng6 15. Nb5 Rf7 16. Ba5 b6 17. cxd6 cxd6 18. Be1 a5 19. Nf2 Bf8 20. a4 Rg7 21. b4 h5 22. Rc6 g4 23. fxg4 Nh4 24. Nd3 Nxg4 25. Bxh4 Qxh4 26. Bxg4 hxg4 27. Nxd6 g3 28. hxg3 fxg3 29. Rxf8+ Kxf8 30. Qf3+ Kg8 31. Nxe5 Ba6 32. b5 Rf8 33. Nf5 Qh2+ 34. Kf1 Bc8 35. Ng4 Qh1+ 36. Ke2 Bxf5 37. exf5 Qb1 38. Nh6+ Kh7 39. Qh5 Re8+ 40. Re6 Rxe6+ 41. dxe6 Qe4+ 42. Kd2 Qd4+ 43. Ke2 Qf2+ 44. Kd3 Qf1+ 45. Ke4 Qe1+ 46. Kd5 Qd2+ 47. Kc6 Qc3+ 48. Kd5 Qc5+ 49. Ke4 Qc4+ 50. Ke5 Qc3+ 51. Ke4 Qc2+ 52. Ke3 Qc3+ 53. Ke4 Qc2+ 54. Ke3 Qc3+ 55. Ke4 1/2-1/2


[Site "https://www.chess.com"]

[Event "Titled Tuesday Blitz February 15 Early 2022"]
[White "Begunov, Konstantin"]
[Black "Shyaamnikhil P"]
[WhiteFideId "4118510"]
[BlackFideId "5024218"]
[WhiteElo "2262"]
[BlackElo "2292"]
[Result "0-1"]
[Round "02"]
[TimeControl "180+1"]
[Date "2022.02.15"]
[WhiteClock "0:00:55"]
[BlackClock "0:01:06"]

1. d4 Nf6 2. c4 c5 3. Nf3 cxd4 4. Nxd4 e5 5. Nb5 d5 6. cxd5 Bc5 7. d6 O-O 8. Nc7 Ne4 9. e3 Qh4 10. Qc2 Nc6 11. a3 Rb8 12. Bd3 Bxd6 13. Nb5 Bb4+ 14. axb4 Nxb4 15. Bxe4 Nxc2+ 16. Bxc2 Qg5 17. g3 a6 18. N5c3 Bh3 19. Ne4 Qh5 20. Bd1 Qg6 21. Nbc3 Bg2 0-1


[Site "https://www.chess.com"]

[Event "Titled Tuesday Blitz February 15 Early 2022"]
[White "Bjerre, Jonas Buhl"]
[Black "Voege, Tobias"]
[WhiteFideId "1444948"]
[BlackFideId "1270513"]
[WhiteElo "2312"]
[BlackElo "2335"]
[Result "0-1"]
[Round "02"]
[TimeControl "180+1"]
[Date "2022.02.15"]
[WhiteClock "0:00:08"]
[BlackClock "0:00:14"]

1. d4 d5 2. Nf3 Nc6 3. Bf4 Bg4 4. e3 e6 5. Be2 Bd6 6. Bg3 Nf6 7. c4 O-O 8. Nc3 a6 9. O-O Bxg3 10. hxg3 Ne7 11. Rc1 c6 12. Qb3 Rb8 13. Ne5 Bxe2 14. Nxe2 Ne4 15. Qc2 Ng6 16. Nxg6 fxg6 17. f3 Nd6 18. b3 Qg5 19. Qd3 Nf5 20. Kf2 Rbe8 21. Rh1 e5 22. dxe5 Rxe5 23. f4 Ne7 24. Ke1 Qf5 25. Qxf5 Rexf5 26. cxd5 Rxd5 27. Rd1 Rfd8 28. Rxd5 Nxd5 29. Kf2 Nb4 30. a3 Nc2 31. a4 Re8 32. Rd1 Nxe3 33. Rd7 Ng4+ 34. Ke1 b5 35. Rd6 bxa4 36. bxa4 Rc8 37. Kd2 Nf6 38. Kd3 Kf7 39. Kc4 Ke7 40. Rd3 Rb8 41. Nd4 Kd7 42. Nb5+ Ke7 43. Nc7 Rb7 44. Nxa6 Ra7 45. Nc5 Nd5 46. Rb3 Kd6 47. Ne4+ Kc7 48. Nc5 Nb6+ 49. Kb4 Nd5+ 50. Ka3 Nb6 51. Re3 Kd6 52. Ne4+ Kd5 53. Nc3+ Kc4 54. g4 Nd5 55. Nxd5 cxd5 56. f5 gxf5 57. gxf5 d4 58. Re4 Kc3 59. Re6 Rd7 60. Rc6+ Kd2 61. Kb3 d3 62. a5 Ke1 63. Rf6 gxf6 0-1


[Site "https://www.chess.com"]

[Event "Titled Tuesday Blitz February 15 Early 2022"]
[White "Bluebaum, Matthias"]
[Black "Goltseva, Ekaterina"]
[WhiteFideId "24651516"]
[BlackFideId "24173770"]
[WhiteElo "2550"]
[BlackElo "2140"]
[Result "0-1"]
[Round "02"]
[TimeControl "180+1"]
[Date "2022.02.15"]
[WhiteClock "0:01:21"]
[BlackClock "0:00:40"]

1. d4 Nf6 2. c4 e6 3. Nc3 Bb4 4. e3 c5 5. Ne2 cxd4 6. exd4 O-O 7. a3 Be7 8. d5 exd5 9. cxd5 Bc5 10. b4 Bb6 11. Na4 d6 12. Nxb6 Qxb6 13. Be3 Qd8 14. h3 Nbd7 15. Nc3 Ne5 16. Be2 Bf5 17. O-O Rc8 18. Qb3 Qd7 19. Bg5 Ne4 20. Nxe4 Bxe4 21. Rac1 Qf5 22. Be7 Rxc1 23. Rxc1 Re8 24. Bxd6 Qg5 25. Bf1 Qxc1 26. Qa4 Rd8 27. Bxe5 Bd3 28. Kh2 Bxf1 29. b5 Qg5 30. Bg3 Qxd5 31. Qxa7 Qxg2# 0-1


[Site "https://www.chess.com"]

[Event "Titled Tuesday Blitz February 15 Early 2022"]
[White "Bodnaruk, Anastasia"]
[Black "Shukhman, Anna"]
[WhiteFideId "4181751"]
[BlackFideId "54180058"]
[WhiteElo "2393"]
[BlackElo "1628"]
[Result "1-0"]
[Round "02"]
[TimeControl "180+1"]
[Date "2022.02.15"]
[WhiteClock "0:00:07"]
[BlackClock "0:00:05"]

1. e4 c5 2. Nc3 e6 3. Nge2 a6 4. g3 b5 5. Bg2 Bb7 6. d4 cxd4 7. Nxd4 Nc6 8. O-O Qc7 9. Re1 d6 10. Nd5 exd5 11. Nxc6 d4 12. e5 d5 13. Nxd4 Bc5 14. e6 f6 15. Nf5 g6 16. Ne3 Ne7 17. Ng4 O-O-O 18. Be3 d4 19. Bf4 Bd6 20. Bxd6 Rxd6 21. Nxf6 Bxg2 22. Kxg2 Qc6+ 23. Kg1 Rxe6 24. Ng4 Nf5 25. a4 Rhe8 26. Rxe6 Rxe6 27. axb5 axb5 28. h4 h5 29. Nh2 Qe4 30. Qd2 Rc6 31. Ra8+ Kd7 32. Qa5 Rxc2 33. Qd8+ Ke6 34. Ra6+ Rc6 35. Qe8+ Ne7 36. Ra7 Rc1+ 37. Nf1 Rxf1+ 38. Kxf1 Qh1+ 39. Ke2 Qe4+ 40. Kd2 Kf6 41. Qf8+ 1-0


[Site "https://www.chess.com"]

[Event "Titled Tuesday Blitz February 15 Early 2022"]
[White "Bon, Michael"]
[Black "Politov, Pavel Y."]
[WhiteFideId "620696"]
[BlackFideId "24110515"]
[WhiteElo "2452"]
[BlackElo "2090"]
[Result "1-0"]
[Round "02"]
[TimeControl "180+1"]
[Date "2022.02.15"]
[WhiteClock "0:00:15"]
[BlackClock "0:00:01"]

1. e4 c5 2. Nf3 d6 3. d4 cxd4 4. Nxd4 Nf6 5. Nc3 a6 6. Bg5 e6 7. Qd2 h6 8. Bh4 Nxe4 9. Qf4 Nf6 10. Ne4 Qa5+ 11. c3 Nxe4 12. Qxe4 Qb6 13. O-O-O Nc6 14. Nf5 Ne5 15. Ne3 Bd7 16. f4 Bc6 17. Nd5 Bxd5 18. Rxd5 exd5 19. Qe1 Be7 20. Bxe7 Kxe7 21. fxe5 dxe5 22. Qxe5+ Qe6 23. Qc7+ Qd7 24. Qe5+ Kd8 25. Qxg7 Kc7 26. Bd3 Rae8 27. Rf1 Rhf8 28. Qg3+ Kc8 29. Bf5 Re6 30. Qd3 Rfe8 31. Bxe6 Rxe6 32. Qh7 Re7 33. Qxh6 Qb5 34. Qh8+ Kc7 35. Qf6 1-0


[Site "https://www.chess.com"]

[Event "Titled Tuesday Blitz February 15 Early 2022"]
[White "Bortnyk, Olexandr"]
[Black "Pinheiro, Iung Alicio de O."]
[WhiteFideId "14120828"]
[BlackFideId "2104350"]
[WhiteElo "2723"]
[BlackElo "2656"]
[Result "1-0"]
[Round "02"]
[TimeControl "180+1"]
[Date "2022.02.15"]
[WhiteClock "0:00:04"]
[BlackClock "0:00:06"]

1. e4 c6 2. c4 e5 3. Nf3 d6 4. Nc3 Nf6 5. d4 Nbd7 6. Be2 Be7 7. h3 a6 8. Be3 O-O 9. d5 Re8 10. O-O Bf8 11. dxc6 bxc6 12. Qa4 Qc7 13. Rfd1 Rb8 14. b4 a5 15. a3 axb4 16. axb4 Bb7 17. Qb3 h6 18. Ra7 Ra8 19. Rda1 Rxa7 20. Rxa7 Ra8 21. Qa4 Rxa7 22. Qxa7 Qb8 23. Qa5 Qa8 24. Qxa8 Bxa8 25. Nd2 d5 26. exd5 Bxb4 27. dxc6 Bxc6 28. Na2 Bc5 29. Nb3 Bxe3 30. fxe3 Kf8 31. Nc3 Ke7 32. Bf3 Kd6 33. Kf2 Nc5 34. Na5 Bd7 35. Nb5+ Ke7 36. Ba8 Be6 37. Nc3 Nfd7 38. Bd5 Nb6 39. e4 f6 40. Ke3 Bd7 41. g4 Nba4 42. Nb5 Nb6 43. Nc3 Kd6 44. Ne2 Ne6 45. Ng3 g6 46. Nb7+ Kc7 47. Na5 Kd6 48. Ne2 Na4 49. Nc1 Nac5 50. Na2 Nd4 51. Nc3 Ke7 52. Ba8 f5 53. Nd5+ Kf7 54. Nb6 Be6 55. Bd5 Kf6 56. gxf5 gxf5 57. exf5 Bxf5 58. h4 Nce6 59. Nc6 Nc5 60. Nxd4 exd4+ 61. Kxd4 Nb3+ 62. Ke3 Nc5 63. Kf4 Bg6 64. Bf3 Bf7 65. Nd5+ Ke6 66. Ne3 Kf6 67. Ng4+ Kg7 68. Bd5 Be8 69. Ke5 Bd7 70. Ne3 Ba4 71. Kd6 Nd3 72. c5 Nf4 73. Ke5 Ng6+ 74. Kd6 Nxh4 75. Bc6 Bb3 76. Bd7 Nf3 77. c6 Ng5 78. c7 Nf7+ 79. Kc5 Ne5 80. c8=Q Bf7 81. Kd4 Nf3+ 82. Kc3 Ng5 83. Bf5 Kf6 84. Qh8+ Ke7 85. Qxh6 Nf3 86. Qf4 Ne1 87. Qe5+ Kf8 88. Nd5 Nf3 89. Qh8+ Bg8 90. Be6 1-0


[Site "https://www.chess.com"]

[Event "Titled Tuesday Blitz February 15 Early 2022"]
[White "Bouchet, Sebastien"]
[Black "Chincholimath, Halsagar"]
[WhiteFideId "623571"]
[BlackFideId "5022487"]
[WhiteElo "2423"]
[BlackElo "1737"]
[Result "1-0"]
[Round "02"]
[TimeControl "180+1"]
[Date "2022.02.15"]
[WhiteClock "0:00:16"]
[BlackClock "0:00:34"]

1. e4 c6 2. Nc3 d5 3. Nf3 dxe4 4. Nxe4 Nf6 5. Ng3 Bg4 6. h3 Bxf3 7. Qxf3 e6 8. b3 Be7 9. Bb2 O-O 10. h4 Qd5 11. Be2 Nbd7 12. O-O-O a5 13. c4 Qd6 14. h5 h6 15. Qc3 a4 16. Ne4 Qb4 17. Nxf6+ Nxf6 18. Qxb4 Bxb4 19. a3 Be7 20. b4 Rfd8 21. Bf3 Rd3 22. Rhe1 Rad8 23. Re3 Rb3 24. Rxb3 axb3 25. d4 Nd7 26. Kd2 e5 27. d5 cxd5 28. Bxd5 Nb6 29. Kc3 e4 30. Kxb3 Kf8 31. a4 Bg5 32. a5 Nd7 33. Bd4 Nf6 34. Be3 Bxe3 35. fxe3 Ng4 36. Re1 f5 37. b5 Ke7 38. a6 bxa6 39. bxa6 Rd7 40. Kb4 Kd6 41. Kb5 Ne5 42. Kb6 Rd8 43. a7 Nd3 44. Ra1 Nc5 45. a8=Q Rxa8 46. Rxa8 Nd7+ 47. Kb5 Nf6 48. Ra6+ Kc7 49. Rxf6 gxf6 50. Be6 Kd6 51. Bxf5 Ke5 52. g4 Kd6 53. c5+ Ke5 54. c6 Kd5 55. Kb6 Kd6 56. c7 Ke5 57. c8=Q Kd6 58. Qc7+ Kd5 59. Qc5# 1-0


[Site "https://www.chess.com"]

[Event "Titled Tuesday Blitz February 15 Early 2022"]
[White "Brodowski, Piotr"]
[Black "Hansen, Eric"]
[WhiteFideId "1124480"]
[BlackFideId "2606771"]
[WhiteElo "2422"]
[BlackElo "2568"]
[Result "1-0"]
[Round "02"]
[TimeControl "180+1"]
[Date "2022.02.15"]
[WhiteClock "0:00:06"]
[BlackClock "0:00:02"]

1. c4 e5 2. Nc3 Nf6 3. Nf3 Nc6 4. e4 Bb4 5. d3 d6 6. a3 Bxc3+ 7. bxc3 Ne7 8. Be2 O-O 9. O-O Ng6 10. h3 c6 11. Re1 d5 12. exd5 cxd5 13. d4 e4 14. Ne5 Be6 15. cxd5 Nxd5 16. c4 Nc3 17. Qd2 Nxe5 18. Qxc3 Nxc4 19. Bxc4 Rc8 20. d5 Bxd5 21. Bb2 Qg5 22. Rad1 Bxc4 23. Rxe4 Be2 24. Qd2 Qxd2 25. Rxd2 Bh5 26. Re7 b5 27. Rxa7 h6 28. Rb7 Rb8 29. Rxb8 Rxb8 30. Bc3 Rc8 31. Bb4 Bg6 32. Kh2 Rb8 33. Rd5 Be4 34. Rc5 Bd3 35. Rc7 Re8 36. Re7 Rc8 37. Rd7 Bc4 38. Rb7 Rc6 39. Rb8+ Kh7 40. Rb7 Rf6 41. f3 h5 42. Re7 Kg6 43. h4 Rf4 44. Kg3 Rd4 45. Re5 f6 46. Re7 Rd3 47. Rc7 Rb3 48. Bf8 Bf7 49. Bb4 Rb2 50. Bf8 Ra2 51. Kh2 f5 52. Kg3 f4+ 53. Kh2 Re2 54. Bd6 Bc4 55. Bxf4 Ra2 56. Bd6 Bf1 57. Kg3 Rxg2+ 58. Kf4 Kh7 59. Bb4 Be2 60. Ke3 Bc4 61. Rc5 Kh6 62. Bc3 Re2+ 63. Kf4 Rh2 64. Kg3 Rc2 65. Bd4 Ra2 66. Rc6+ Kh7 67. Bc5 Bd5 68. Rc7 Kg8 69. Bd4 Bf7 70. Rc8+ Kh7 71. Rc7 Kg8 72. Rc8+ Kh7 73. Rc7 Kg6 74. Rc6+ Kf5 75. Rc5+ Kg6 76. Rxb5 Rxa3 77. Rg5+ Kh6 78. Bxg7+ Kh7 79. Be5 Bg6 80. Bd4 Rd3 81. Be5 Rd5 82. Kf4 Rb5 83. Rg1 Rb4+ 84. Kg5 Rb5 85. f4 1-0


[Site "https://www.chess.com"]

[Event "Titled Tuesday Blitz February 15 Early 2022"]
[White "Bugayev, Vladimir"]
[Black "Ter-Sahakyan, Samvel"]
[WhiteFideId "30901480"]
[BlackFideId "13302531"]
[WhiteElo "2392"]
[BlackElo "2592"]
[Result "0-1"]
[Round "02"]
[TimeControl "180+1"]
[Date "2022.02.15"]
[WhiteClock "0:01:56"]
[BlackClock "0:02:05"]

1. e4 c6 2. d4 d5 3. exd5 cxd5 4. Bd3 Nc6 5. c3 Nf6 6. Bf4 Bg4 7. Qb3 Qd7 8. Nd2 e6 9. Ngf3 Bxf3 10. Nxf3 Bd6 11. Bxd6 Qxd6 12. O-O O-O 13. Rae1 Qc7 14. Ne5 Nxe5 15. Rxe5 g6 16. Qd1 Rae8 17. Qe2 Nd7 18. Re3 e5 19. dxe5 Rxe5 20. Rxe5 Nxe5 21. Re1 Re8 22. Kf1 Re6 23. Bc2 Nc4 24. Qf3 Nd2+ 0-1


[Site "https://www.chess.com"]

[Event "Titled Tuesday Blitz February 15 Early 2022"]
[White "Buscar, Michael"]
[Black "Sovetbekova, Nurai"]
[WhiteFideId "2603616"]
[BlackFideId "13801910"]
[WhiteElo "2010"]
[BlackElo "1545"]
[Result "0-1"]
[Round "02"]
[TimeControl "180+1"]
[Date "2022.02.15"]
[WhiteClock "0:00:54"]
[BlackClock "0:00:06"]

1. Nf3 Nf6 2. c4 c5 3. g3 g6 4. Bg2 Bg7 5. O-O O-O 6. d3 d5 7. cxd5 Nxd5 8. a3 Nc6 9. Qc2 b6 10. Nc3 Bb7 11. Bd2 Rc8 12. Qc1 Nd4 13. Re1 Nb3 14. Qd1 Nxa1 15. Qxa1 Qd7 16. Ne4 Rfd8 17. Rc1 e6 18. Qa2 Ne7 19. Nc3 Nf5 20. Bg5 Re8 21. Qc4 Nd4 22. Ne1 Bxg2 23. Nxg2 Nf5 24. Re1 Qd4 25. Qb3 c4 26. dxc4 Qxc4 27. Qxc4 Rxc4 28. Nb5 a6 29. Nc3 Bxc3 30. bxc3 Rxc3 31. a4 Rec8 32. Rb1 Nd4 33. Rxb6 Nxe2+ 34. Kf1 Nd4 35. Rxa6 Nf3 36. Be3 Nxh2+ 37. Ke2 Ng4 38. Bd4 Rc2+ 39. Kf3 f5 40. Ra7 e5 41. Bb6 R8c3+ 42. Ne3 Rxf2# 0-1


[Site "https://www.chess.com"]